 Dungeon Crawl Stone Soup version 0.19.1 (webtiles) character file.

121 Idleism the Ruffian (level 4, -3/44 HPs)
             Began as a Troll Berserker on Dec 10, 2016.
             Was a Believer of Trog.
             Slain by a worm (8 damage)
             ... on level 2 of the Dungeon.
             The game lasted 00:03:13 (1102 turns).

Idleism the Ruffian (Troll Berserker)               Turns: 1102, Time: 00:03:14

Health: -3/44      AC:  5    Str: 25    XL:     4   Next: 76%
Magic:  3/3        EV: 10    Int:  3    God:    Trog [**....]
Gold:   68         SH:  0    Dex: 10    Spells: 0 memorised, 3 levels left

rFire  . . .     SeeInvis .       - Unarmed
rCold  . . .     Gourm    +     a - +0 animal skin
rNeg   . . .     Faith    .     (no shield)
rPois  .         Spirit   .     (helmet restricted)
rElec  .         Reflect  .     (no cloak)
rCorr  .         Harm     .     (gloves unavailable)
MR     ++...                    (boots unavailable)
Stlth  +.........               (no amulet)
                                (no ring)
                                (no ring)

@: exhausted, regenerating, slowed, very slow
A: unfitting armour, claws 3, fast metabolism 3, gourmand, regeneration 1,
shaggy fur 1, tough skin 2
a: Berserk, Trog's Hand, Burn Spellbooks, Renounce Religion


You were on level 2 of the Dungeon.
You worshipped Trog.
Trog was pleased with you.
You were very full.

You visited 1 branch of the dungeon, and saw 2 of its levels.

You collected 68 gold pieces.

Inventory:

Missiles
 c - 8 tomahawks (quivered)
Armour
 a - a +0 animal skin (worn)
Wands
 q - a wand of teleportation (3/9)
Scrolls
 e - a scroll of fog {unknown}
 f - a scroll of enchant weapon
 l - a scroll of remove curse
Potions
 d - a potion of haste {unknown}
 g - 2 potions of degeneration {unknown}
 j - a potion of lignification {unknown}
 m - a potion of might
 n - 2 potions of brilliance {unknown}
 o - a potion of curing {unknown}
Comestibles
 b - 3 bread rations
 h - a fruit


   Skills:
 - Level 2.5 Fighting
 - Level 2.4 Dodging
 + Level 5.4 Unarmed Combat


You had 3 spell levels left.
You didn't know any spells.

Dungeon Overview and Level Annotations

Branches:
Dungeon (2/15)

Altars:


Innate Abilities, Weirdness & Mutations

You are too large for most types of armour.
You have claws for hands.
Your metabolism is lightning-fast.
You like to eat raw meat.
Your natural rate of healing is unusually fast.
You are covered in fur. (AC +1)
You have very tough skin. (AC +2)


Message History

You mangle the gnoll!!
You kill the gnoll!
Trog accepts your kill. The rat bites you but does no damage.
You claw the rat!
You kill the rat!
Trog accepts your kill.
You feel a strong urge to attack something.
You are no longer berserk.
You are exhausted.
You feel yourself slow down.
You see here a club.
You scratch the worm.
The worm is moderately wounded.
The worm bites you!
* * * LOW HITPOINT WARNING * * *
Your skin crawls.
You feel resistant to hostile enchantments.
You feel somewhat less full. The worm bites you!
You die...

*,,,,,,,,,,* *,## #...........
*,,,,.,,,,,* *..# #........##.
*,,,,..,,,,* ##.# #.......<###
*,,,,...,,,*##..# #.[......##.
**,,,....,**#...## #.######.##.
**,,,.....*##....# #.######....
*,,,,......#)))#.# #.##...).###
**,,,,........#.#.###.##.###.###
**,,,,,.......##@#.##..##.###.#..
*,,,,,,..(....*### #.#
**,,,*...#.*####.....#### #.#
*****.###),........## #.# *,*
***#...#...########.#
**,*****..####........##.###


You could see a worm.

Vanquished Creatures
  Terence (D:2)
  4 gnolls
  2 oozes (D:1)
  A worm (D:2)
  2 dart slugs (D:2)
  A leopard gecko (D:1)
  A ball python (D:2)
  3 bats
  4 giant cockroaches
  4 goblins
  6 hobgoblins
  3 kobolds
  A quokka (D:2)
  3 frilled lizards
  5 rats
41 creatures vanquished.

Notes
Turn   | Place    | Note
-------+----------+-------------------------------------------
     0 | D:1      | Idleism the Troll Berserker began the quest for the Orb.
     0 | D:1      | Reached XP level 1. HP: 22/22 MP: 0/0
   109 | D:1      | Reached XP level 2. HP: 29/29 MP: 1/1
   425 | D:1      | Reached skill level 4 in Unarmed Combat
   535 | D:1      | Reached XP level 3. HP: 36/36 MP: 2/2
   773 | D:2      | Noticed Terence
   828 | D:2      | Reached ** piety under Trog
   897 | D:2      | Killed Terence
   897 | D:2      | Reached skill level 5 in Unarmed Combat
   897 | D:2      | Reached XP level 4. HP: 38/44 MP: 3/3
  1101 | D:2      | HP: 2/44 [worm (9)]
  1102 | D:2      | Slain by a worm

Skill      XL: |  1  2  3 |
---------------+----------+-----
Unarmed Combat | 4 5 |  5.4
Fighting       | |  2.5
Dodging        | |  2.4

Action                   |  1- 3 |  4- 6 || total
-------------------------+-------+-------++-------
Melee: Unarmed           |    66 |    31 ||    97
       Punch             |     3 |     1 ||     4
Throw: Tomahawk          |    15 |     1 ||    16
Invok: Berserk           |     1 |     1 ||     2
       Burn Spellbooks   |     1 |       ||     1
       Trog's Hand       |       |     1 ||     1
  Use: Scroll            |       |     5 ||     5
  Eat: Chunk             |    13 |     3 ||    16
Armor: Animal skin       |    16 |    12 ||    28
Dodge: Dodged            |    25 |    17 ||    42
